Unix NetHack Version 5.0.0-0 post-release - last build Jun 10 2026 00:39:30 (3ee93aec679c4c4259841fe613dc97188e26a321,branch:main).

Game began 2026-06-25 21:50:12, ended 2026-06-25 21:59:15.

Felix1, neutral male gnomish Wizard

             --------     ---------
             -.......     |........###
             |.S....|     |.......|  #
             |@S.%..|     |.......|  #
             ----|---     |.......|  #                   ------------
                 #####    -|-------  #####              #-..........|
                     # #   #             # ---------#####|..........|
                     ###   #             ##........-#    |..(.......-#
                      ##   %               |.>.....|     ------------#
                       #   ##              |.....^..*###             #
                       #    #####          ---------   ######`       #
                       #        )                            ######  ##
                       ####     ##                                #   #
                       #--|------.-                               ### #
                       #|.........|                                 # #------
                       #|.........|                                 # #|<...|
                      ##..........|                                 ###.....|
                        -----------                                    |....|
                                                                       ------

Felix1 the Conjurer       St:9 Dx:18 Co:12 In:19 Wi:9 Ch:8  Neutral
Dlvl:3  $:0  HP:0(30) Pw:13(38) AC:9  Xp:4 T:1143 

Latest messages:
 You kill the grid bug!
 Drink from the fountain? [yn] (n) y
 This tepid water is tasteless.
 Drink from the fountain? [yn] (n) y
 This tepid water is tasteless.
 Drink from the fountain? [yn] (n) y
 This tepid water is tasteless.
 Drink from the fountain? [yn] (n) y
 An endless stream of snakes pours forth!
 The kitten misses the water moccasin.
 The kitten misses the water moccasin.
 In what direction? 6
 The spell hits the water moccasin!
 The spell hits the water moccasin!
 The spell hits the kitten!
 You kill the poor kitten!
 You hear the rumble of distant thunder...
 The water moccasin bites!
 The water moccasin bites!
 The water moccasin bites!
 The water moccasin bites!
 In what direction? 6
 The spell hits the water moccasin!
 You kill the water moccasin!
 Welcome to experience level 4.
 The water moccasin bites!
 The water moccasin bites!
 The water moccasin bites!
 In what direction? 8
 The spell hits the water moccasin!
 The water moccasin bites!
 The water moccasin bites!
 In what direction? 8
 The spell hits the water moccasin!
 You kill the water moccasin!
 You see the water moccasin slither under a corpse.
 The water moccasin bites!
 The water moccasin bites!
 In what direction? 6
 The spell hits the water moccasin!
 The spell hits it!
 You kill it!
 The water moccasin bites!
 The water moccasin bites!
 You die...
 Do you want your possessions identified? [ynq] (y) y
 Do you want to see your attributes? [ynq] (y) y
 Do you want an account of creatures vanquished? [ynaq] (y) y
 Do you want to see your conduct and achievements? [ynq] (y) y
 Do you want to see the dungeon overview? [ynq] (y) y

Inventory:
 Weapons  (')')
  a - a blessed burnt +1 quarterstaff (weapon in hands)
 Armor    ('[')
  b - an uncursed +0 cloak of magic resistance (being worn)
 Comestibles  ('%')
  p - a cursed homemade tin of lichen
 Scrolls  ('?')
  z - a cursed scroll of create monster
  y - a cursed scroll of destroy armor
  k - an uncursed scroll of enchant armor
  i - a blessed scroll of identify
  s - an uncursed scroll of identify
  w - a cursed scroll of identify
  j - an uncursed scroll of light
  q - a blessed scroll of scare monster
  t - an uncursed scroll of teleportation
 Spellbooks  ('+')
  l - a blessed spellbook of force bolt
  m - an uncursed spellbook of wizard lock
 Potions  ('!')
  g - an uncursed potion of blindness
  r - a blessed potion of extra healing
  h - an uncursed potion of fruit juice
  x - a cursed potion of object detection
  f - an uncursed potion of see invisible
 Rings    ('=')
  e - an uncursed ring of cold resistance
  d - an uncursed ring of stealth
 Wands    ('/')
  c - a wand of fire (0:6)
  u - a wand of undead turning (0:7)
 Tools    ('(')
  o - an uncursed blindfold
  n - a magic marker (0:20)

Felix1 the Wizard's attributes:

Background:
 You were a Conjurer, a level 4 male gnomish Wizard.
 You were neutral, nominally on a mission for Thoth
 who was opposed by Ptah (lawful) and Anhur (chaotic).
 You were right-handed.
 You were in the Dungeons of Doom, on level 3.
 You entered the dungeon 1143 turns ago.
 You had 133 experience points, 27 more were needed to attain level 5.

Basics:
 You had 0 out of 30 hit points.
 You had 13 out of 38 energy points (spell power).
 Your armor class was 9.
 Your wallet was empty.
 Autopickup was off.

Final Characteristics:
 Your strength was 9 (limit:18/50).
 Your dexterity was 18 (limit:18).
 Your constitution was 12 (limit:18).
 Your intelligence was 19 (limit:19).
 Your wisdom was 9 (limit:18).
 Your charisma was 8 (limit:18).

Final Status:
 You weren't hungry.
 You were unencumbered.
 You were wielding a quarterstaff.
 You had basic skill with quarterstaff.

Final Attributes:
 You had transgressed.
 You were magic-protected.
 You saw invisible.
 You had infravision.
 You were warded.
 You were unlucky.
 You are dead.

Miscellaneous:
 You didn't encounter any bones levels.
 Total elapsed playing time was 9 minutes and 2 seconds.

Major events:
 Turn
    1: Felix1 the neutral male gnomish Wizard entered the dungeon
  897: attained the rank of Conjurer (level 3)
 1143: killed by a water moccasin

Spells:
 Name                 Level Category     Fail Retention
 force bolt             1   attack         0%  91%-100%
 wizard lock            2   matter        35%  76%-100%

Skills:
 Fighting Skills
   bare handed combat [Unskilled]
   riding             [Unskilled]
 Weapon Skills
   dagger             [Unskilled]
   knife              [Unskilled]
   axe                [Unskilled]
   short sword        [Unskilled]
   club               [Unskilled]
   mace               [Unskilled]
   quarterstaff       [Basic]
   polearms           [Unskilled]
   spear              [Unskilled]
   trident            [Unskilled]
   sling              [Unskilled]
   dart               [Unskilled]
   shuriken           [Unskilled]
 Spellcasting Skills
   attack spells      [Basic]
   healing spells     [Unskilled]
   divination spells  [Unskilled]
   enchantment spells [Basic]
   clerical spells    [Unskilled]
   escape spells      [Unskilled]
   matter spells      [Unskilled]

Voluntary challenges:
 Character rerolling was not enabled.
 You were an atheist.
 You were illiterate.
 You never genocided any monsters.
 You never polymorphed an object.
 You never changed form.
 You used no wishes.
Achievements:
 You entered a shop.
 You attained the rank of Conjurer.

 The Dungeons of Doom: levels 1 to 3
    Level 1:
    Level 2:
       A general store.
    Level 3: <- You were here.
       A fountain.
       Final resting place for
          you, killed by a water moccasin.


Vanquished creatures:
  3 water moccasins
  a kitten
  a coyote
  a gas spore
  a hobbit
  a brown mold
  a red mold
  a gecko
  2 jackals
  a fox
  2 grid bugs
  a bat
  6 lichens
  2 kobold zombies
  8 newts
32 creatures vanquished.

No species were genocided or became extinct.

Game over:
                       ----------
                      /          \
                     /    REST    \
                    /      IN      \
                   /     PEACE      \
                  /                  \
                  |      Felix1      |
                  |       0 Au       |
                  |   killed by a    |
                  |  water moccasin  |
                  |                  |
                  |                  |
                  |       2026       |
                 *|     *  *  *      | *
        _________)/\\_//(\/(/\)/\//\/|_)_______

Goodbye Felix1 the Wizard...

You died in The Dungeons of Doom on dungeon level 3 with 632 points,
and 0 pieces of gold, after 1143 moves.
You were level 4 with a maximum of 30 hit points when you died.

